 Dungeon Crawl Stone Soup version 0.26.1-11-gd32895ea62 (webtiles) character file.

Game seed: 5919369320708207417

6407 vvl the Tainter (level 10, -1/66 HPs)
             Began as an Octopode Venom Mage on July 14, 2021.
             Was a Believer of Kikubaaqudgha.
             Slain by a shadow (27 damage)
             ... on level 9 of the Dungeon.
             The game lasted 00:37:20 (15962 turns).

vvl the Tainter (Octopode Venom Mage)              Turns: 15962, Time: 00:37:21

Health: -1/66      AC:  9    Str: 18    XL:     10   Next: 98%
Magic:  19/19      EV: 31    Int: 17    God:    Kikubaaqudgha [**....]
Gold:   544        SH:  5    Dex: 12    Spells: 8/21 levels left

rFire    . . .     SeeInvis .   C - +1 whip (flame)
rCold    . . .     Faith    .   x - +0 buckler
rNeg     . . .     Spirit   .   (helmet restricted)
rPois    .         Reflect  .   y - amulet of the acrobat
rElec    .         Harm     .   a - ring of willpower
rCorr    .         Rampage  .   c - +6 ring of strength
Will     +....                  m - ring of flight
Stlth    ++++......             e - ring of wizardry
HPRegen  0.21/turn              w - +4 ring of protection
MPRegen  0.16/turn              M - +4 ring of protection
                                (no ring)
                                F - ring of stealth

@: acrobat
A: almost no armour, stealthy swim, amphibious, 8 rings, constrict 8, camouflage
1, gelatinous body 1
a: Renounce Religion, Evoke Flight, Receive Corpses


You were on level 9 of the Dungeon.
You worshipped Kikubaaqudgha.
Kikubaaqudgha was pleased with you.
You visited 2 branches of the dungeon, and saw 10 of its levels.
You also visited: Sewer.

You collected 544 gold pieces.

Inventory:

Hand Weapons
 f - a +3 falchion
 C - a +1 whip of flaming (weapon)
 D - a +1 dagger of venom
Armour
 x - a +0 buckler (worn)
Jewellery
 a - a ring of willpower (left tentacle)
 c - a +6 ring of strength (right tentacle)
 e - a ring of wizardry (on tentacle)
 m - a ring of flight (on tentacle)
 w - a +4 ring of protection (on tentacle)
 y - an amulet of the acrobat (around mantle)
 F - a ring of stealth (on tentacle)
 H - an uncursed ring of ice
 L - an uncursed amulet of faith
 M - a +4 ring of protection (on tentacle)
Wands
 h - a wand of iceblast (16)
 s - a wand of acid (7)
 I - a wand of disintegration (14)
 J - a wand of random effects (12)
Scrolls
 j - 3 scrolls of enchant armour
 l - 2 scrolls of immolation {unknown}
 o - 3 scrolls of teleportation {unknown}
 p - a scroll of enchant weapon {unknown}
 r - 5 scrolls of remove curse
 t - a scroll of random uselessness {unknown}
 v - 2 scrolls of fear {unknown}
 A - a scroll of amnesia {unknown}
 B - 3 scrolls of magic mapping {unknown}
Potions
 b - 4 potions of curing
 d - 4 potions of brilliance {unknown}
 g - 7 potions of heal wounds
 i - 2 potions of magic {unknown}
 k - 5 potions of flight {unknown}
 n - 2 potions of lignification {unknown}
 q - 2 potions of might {unknown}
 u - a potion of degeneration {unknown}
 z - 2 potions of ambrosia {unknown}
 K - a potion of attraction {unknown}


   Skills:
 + Level 5.3 Fighting
 + Level 6.9 Dodging
 - Level 3.0 Stealth
 - Level 4.0 Shields
 * Level 3.4 Unarmed Combat
 + Level 6.3 Spellcasting
 + Level 3.2 Necromancy
 + Level 6.6 Transmutations
 + Level 2.1 Earth Magic
 - Level 9.0 Poison Magic
 + Level 2.4 Evocations


You had 8 spell levels left.
You knew the following spells:

 Your Spells              Type           Power        Failure   Level
a - Sting                 Tmut/Pois      100%         1%          1
b - Olgreb's Toxic Radia  Pois           35%          1%          4
c - Ignite Poison         Fire/Tmut/Pois 23%          1%          3
d - Animate Skeleton      Necr           32%          1%          1
e - Petrify               Tmut/Erth      20%          9%          4

Your spell library contained the following spells:

 Spells                   Type           Power        Failure   Level
 Pain                     Necr           64%          1%          1
 Sandblast                Erth           24%          1%          1
 Passwall                 Tmut/Erth      16%          1%          2
 Poisonous Vapours        Pois/Air       40%          1%          2
 Sublimation of Blood     Necr           8%           1%          2
 Corona                   Hex            5%           4%          1
 Mephitic Cloud           Conj/Pois/Air  15%          4%          3
 Vampiric Draining        Necr           8%           4%          3
 Ensorcelled Hibernation  Hex/Ice        10%          8%          2
 Stone Arrow              Conj/Erth      18%          10%         3
 Confusing Touch          Hex            5%           16%         3
 Dazzling Flash           Conj/Hex       10%          16%         3
 Gell's Gravitas          Tloc           2%           16%         3
 Tukima's Dance           Hex            5%           16%         3
 Yara's Violent Unravell  Hex/Tmut       8%           32%         5
 Lee's Rapid Deconstruct  Erth           6%           45%         5
 Metabolic Englaciation   Hex/Ice        2%           77%         5


Dungeon Overview and Level Annotations

Branches:
Dungeon (9/15)             Temple (1/1) D:6            Lair (0/6) D:8
    Orc (0/2) D:9           Sewer (visited)

Altars:
Ashenzari
Cheibriados
Dithmenos
Elyvilon
Fedhas
Gozag
Hepliaklqana
Kikubaaqudgha
Makhleb
Nemelex Xobeh
Okawaru
Qazlal
Ru
Sif Muna
Trog
Uskayaw
Vehumet
Wu Jian
Xom
Yredelemnul
Zin
The Shining One

Shops:
D:5 [


Innate Abilities, Weirdness & Mutations

You cannot wear most types of armour.
You are very stealthy in the water. (Stealth+)
You are amphibious.
You can wear up to eight rings at the same time.
You can use your tentacles to constrict eight enemies at once.
Your skin changes colour to match your surroundings (Stealth+).
Your rubbery body absorbs attacks. (AC +1, EV +1)


Message History

The ogre zombie hits you but does no damage.
You hit the ogre zombie. You burn the ogre zombie.
You tentacle-slap the ogre zombie!
The ogre zombie is severely damaged.
The orc priest mumbles some strange prayers to Beogh against you.
Beogh smites you! The ogre zombie hits you.
You hit the ogre zombie. You burn the ogre zombie. You squeeze the ogre zombie.
You destroy the ogre zombie!
Kikubaaqudgha accepts your kill.
You closely miss the phantom. Your squeeze misses the phantom.
You block the phantom's attack. The phantom hits you!
You are too injured to fight recklessly!
You are too injured to fight recklessly!
Unknown command.
The shadow slips into darkness.
The shadow flickers and vanishes!
Deactivating autopickup; reactivate with Ctrl-A.
The shadow strikes at you from the darkness!
You die...
Kikubaaqudgha rasps: "You have failed me!
Welcome... death!"

.Z# #..#..###.......##
..#####....##[..#....#### .
..#..#...##...#........
##.##.#...####..##.##.....
#..#...##.#.##..##........
#.#.#..#..###..#.....#..#
#.#...#..#...##......####..
#...#..##.#.##...#####....
....#.W#.#@#.# #.# #..##.
#.#>.#Z.#.##.# . # #.# #. #
#..Z.##5#### .# ... ##
#.#..#Z#...##..##.##
#?.....#.#.......
####...##W..#... #...W..###
. ##.###.# ## ###


You could see an ufetubus and an orc zombie.

Vanquished Creatures
  Pikel (D:6)
  A komodo dragon (D:8)
  Grinder (D:6)
  Prince Ribbit (D:7)
  5 yaks
  2 orc warriors
  3 phantoms
  A black bear (D:7)
  4 ice beasts
  4 ogres
  2 centaurs
  2 lemures (D:6)
  A big kobold (Sewer)
  Blork the orc (D:6)
  4 bullfrogs
  A gnoll sergeant (D:5)
  2 scorpions
  11 killer bees
  13 wights
  2 howler monkeys (D:7)
  A centaur zombie (D:5)
  2 bullfrog zombies (D:6)
  5 hounds
  A bullfrog skeleton (D:5)
  Crazy Yiuf (D:6)
  7 orc wizards
  An orc priest (D:5)
  4 iguanas
  Ijyb (D:3)
  11 worker ants
  A killer bee zombie (D:6)
  6 ogre zombies (D:9)
  A hound skeleton (D:5)
  A hound zombie (D:6)
  2 worker ant zombies
  8 gnolls
  2 howler monkey skeletons (D:5)
  11 adders
  5 river rats (Sewer)
  2 shadow imps
  2 white imps
  An ufetubus (D:5)
  An ooze (D:2)
  2 adder skeletons
  An adder zombie (D:5)
  6 worms
  9 leopard geckos
  26 orcs
  12 giant cockroaches
  7 goblins
  14 hobgoblins
  10 jackals
  23 kobolds
  3 quokkas
  4 ball pythons
  3 bats
  6 frilled lizards
  3 goblin zombies (D:9)
  2 hobgoblin zombies (D:9)
  A jackal skeleton (D:6)
  A leopard gecko skeleton (D:2)
  3 orc skeletons (D:9)
  5 orc zombies (D:9)
  A quokka skeleton (D:6)
  23 rats
304 creatures vanquished.

Vanquished Creatures (others)
  3 plants (D:8)
3 creatures vanquished.

Grand Total: 307 creatures vanquished

Notes
Turn   | Place    | Note
-------+----------+-------------------------------------------
     0 | D:1      | vvl the Octopode Venom Mage began the quest for the Orb.
     0 | D:1      | Reached XP level 1. HP: 11/11 MP: 3/3
   229 | D:1      | Reached XP level 2. HP: 9/17 MP: 1/5
   425 | D:1      | Reached skill level 4 in Poison Magic
  1097 | D:1      | Reached XP level 3. HP: 21/21 MP: 6/6
  2531 | D:2      | Reached XP level 4. HP: 13/27 MP: 4/7
  2827 | D:2      | Found a shimmering altar of Xom.
  2827 | D:2      | Found a sacrificial altar of Ru.
  2892 | D:2      | Found a sparkling altar of Nemelex Xobeh.
  3165 | D:3      | Noticed Ijyb
  3176 | D:3      | Killed Ijyb
  3414 | D:3      | Found a shimmering altar of Xom.
  3415 | D:3      | Found a shimmering altar of Xom.
  3415 | D:3      | Found a shimmering altar of Xom.
  3416 | D:3      | Found a shimmering altar of Xom.
  3416 | D:3      | Found a shimmering altar of Xom.
  3426 | D:3      | Reached skill level 5 in Poison Magic
  3426 | D:3      | Reached XP level 5. HP: 14/31 MP: 6/9
  3673 | D:3      | Found a shimmering altar of Xom.
  3771 | D:3      | Found a glowing drain.
  3787 | Sewer    | Entered a sewer
  3911 | Sewer    | Learned a level 4 spell: Olgreb's Toxic Radiance
  3915 | Sewer    | Learned a level 3 spell: Ignite Poison
  4150 | Sewer    | Noticed a big kobold
  4158 | Sewer    | Killed a big kobold
  4159 | Sewer    | Reached XP level 6. HP: 31/36 MP: 7/10
  4894 | Sewer    | Reached skill level 6 in Poison Magic
  5601 | D:4      | Noticed a phantom
  5626 | D:4      | Killed a phantom
  5627 | D:4      | Reached XP level 7. HP: 21/41 MP: 10/12
  6361 | D:4      | Reached skill level 7 in Poison Magic
  6796 | D:5      | Entered Level 5 of the Dungeon
  6920 | D:5      | Found a broken altar of Ashenzari.
  6983 | D:5      | Reached skill level 1 in Fighting
  6983 | D:5      | Reached XP level 8. HP: 18/48 MP: 5/13
  7713 | D:5      | Reached skill level 8 in Poison Magic
  8392 | D:5      | Found Iblya's Armour Shop.
  8727 | D:5      | Noticed a yak
  8774 | D:5      | Killed a yak
  8775 | D:5      | Reached skill level 5 in Dodging
  8775 | D:5      | Reached skill level 1 in Shields
  9099 | D:5      | Reached XP level 9. HP: 38/55 MP: 12/16
  9409 | D:5      | Reached skill level 9 in Poison Magic
 10202 | D:6      | Noticed Blork the orc
 10384 | D:6      | Killed Blork the orc
 10666 | D:6      | Reached skill level 5 in Transmutations
 10740 | D:6      | Found a runed translucent door.
 10741 | D:6      | Noticed Crazy Yiuf
 10747 | D:6      | Killed Crazy Yiuf
 10748 | D:6      | Reached skill level 5 in Spellcasting
 10830 | D:6      | Noticed Pikel
 10851 | D:6      | Killed Pikel
 11112 | D:6      | Found a basalt altar of Yredelemnul.
 11280 | D:6      | Noticed Grinder
 11284 | D:6      | Paralysed by Grinder for 4 turns
 11392 | D:6      | Killed Grinder
 11436 | D:6      | Found a staircase to the Ecumenical Temple.
 11449 | Temple   | Entered the Ecumenical Temple
 11655 | Temple   | Became a worshipper of Kikubaaqudgha
 11880 | D:7      | Reached XP level 10. HP: 64/64 MP: 13/18
 11882 | D:7      | Reached skill level 1 in Necromancy
 12268 | D:7      | Reached * piety under Kikubaaqudgha
 12268 | D:7      | Identified Kikubaaqudgha's Disquisition on Stolen Souls
                  | (Kikubaaqudgha gifted it to you on level 7 of the Dungeon)
 12268 | D:7      | Received a gift from Kikubaaqudgha
 12279 | D:7      | Learned a level 1 spell: Animate Skeleton
 12323 | D:7      | Noticed Prince Ribbit
 12331 | D:7      | Killed Prince Ribbit
 12349 | D:7      | Reached skill level 1 in Unarmed Combat
 12634 | D:7      | Reached skill level 1 in Evocations
 13045 | D:7      | Reached skill level 1 in Earth Magic
 13571 | D:7      | Learned a level 4 spell: Petrify
 13931 | D:8      | Found a staircase to the Lair.
 13953 | D:8      | Reached skill level 5 in Fighting
 14081 | D:8      | Reached ** piety under Kikubaaqudgha
 14158 | D:8      | Found an opulent altar of Gozag.
 15749 | D:9      | Found a staircase to the Orcish Mines.
 15962 | D:9      | Slain by a shadow

Illustrated notes

Levels and vault maps discovered:
D:1:      lemuel_arrival_muddy, layout_basic, minmay_worlds_worst_comb
D:2:      layout_rooms, gammafunk_temple_overflow_statue, nemelex_altar_shiori
D:3:      layout_loops_ring, portal_sewer_entry_f, hangedman_decor_opposing,
          xom_redecorated, uniq_ijyb
D:4:      layout_rooms
D:5:      kennysheep_big_flooded_room, layout_cave_pods,
          overflow_temple_1_default, kennysheep_small_circle
D:6:      layout_rooms, lemuel_coloured_pillars_altar,
          minmay_temple_entry_glassed_door, uniq_grinder, uniq_blork_the_orc,
          uniq_pikel, uniq_crazy_yiuf_cottage
D:7:      layout_loops_corners, uniq_prince_ribbit1
D:8:      layout_gridville, grunt_gozag_statues, david_lair_shrubbed
D:9:      layout_rooms, zombieorc1_lemuel
Temple:   eino_temple_rhombus

Skill      XL: |  1  2  3  4  5  6  7  8  9 10 |
---------------+-------------------------------+-----
Poison Magic   | 4 5 6 7 8 9 |  9.0
Stealth        | 3 |  3.0
Transmutations | 2 3 4 5 6 |  6.6
Dodging        | 3 4 5 6 |  6.9
Spellcasting   | 3 4 5 6 |  6.3
Fighting       | 1 2 4 5 |  5.3
Shields        | 1 3 4 |  4.0
Necromancy     | 3 |  3.2
Unarmed Combat | 3 |  3.4
Evocations     | 2 |  2.4
Earth Magic    | 2 |  2.1

Action                   |  1- 3 |  4- 6 |  7- 9 | 10-12 || total
-------------------------+-------+-------+-------+-------++-------
Melee: Short sword       |    53 |       |       |       ||    53
       Unarmed           |     6 |       |       |       ||     6
       Constrict         |    19 |    28 |    50 |    42 ||   139
       Tentacles         |    12 |    19 |    47 |    57 ||   135
       Falchion          |    17 |    83 |   135 |       ||   235
       Dagger            |       |       |    58 |   170 ||   228
       Whip              |       |       |       |    53 ||    53
       Punch             |       |       |       |     6 ||     6
 Cast: Sting             |    10 |    29 |    19 |     4 ||    62
       Olgreb's Toxic Ra |       |     6 |    32 |    10 ||    48
       Ignite Poison     |       |       |    10 |     6 ||    16
Evoke: Wand              |       |       |       |     1 ||     1
  Use: Scroll            |       |     5 |       |     2 ||     7
       Potion            |       |     2 |     1 |       ||     3
 Stab: Sleeping          |     6 |     5 |     6 |     9 ||    26
       Distracted        |     1 |       |       |       ||     1
Armor: Skin              |     6 |     5 |    26 |    29 ||    66
Dodge: Dodged            |    32 |    84 |   160 |   121 ||   397
Block: Buckler           |       |       |    25 |    37 ||    62
       Rpst.: Falchion   |     3 |    25 |    26 |       ||    54
